 Dungeon Crawl Stone Soup version 0.28-a0-773-g130ae17fe5 (webtiles) character file.

Game seed: 1116316962849502542

59 croobank the Digger (level 4, -5/24 HPs)
             Began as a Gargoyle Earth Elementalist on Nov 2, 2021.
             Slain by an orc (8 damage)
             ... on level 3 of the Dungeon.
             The game lasted 00:13:56 (1946 turns).

croobank the Digger (Gargoyle Earth Elementalist)   Turns: 1946, Time: 00:13:56

Health: -5/24      AC:  5    Str: 13    XL:     4   Next: 3%
Magic:  5/8        EV: 12    Int: 15    God:
Gold:   97         SH:  0    Dex: 10    Spells: 3/9 levels left

rFire   + . .      SeeInvis .   k - +0 short sword
rCold   . . .      Faith    .   (no shield)
rNeg    + . .      Spirit   .   b - +0 robe
rPois   ∞          Reflect  .   (no helmet)
rElec   +          Harm     .   (no cloak)
rCorr   .          Rampage  .   (no gloves)
Will    .....                   (no boots)
Stlth   ++........              (no amulet)
HPRegen 0.08/turn               d - ring of protection from fire
MPRegen 0.11/turn               (no ring)

@: brilliant
A: sickness immunity, AC +3, negative energy resistance 1, electricity
resistance, torment resistance 1, petrification resistance
a: no special abilities


You were on level 3 of the Dungeon.
You visited 1 branch of the dungeon, and saw 3 of its levels.

You collected 97 gold pieces.

Inventory:

Hand Weapons
 a - a +0 dagger
 k - a +0 short sword (weapon)
 m - a +0 spear
Missiles
 c - 55 stones
 e - 45 bolts
 g - 9 boomerangs
Armour
 b - a +0 robe (worn)
 f - a +0 chain mail
 l - a +0 ring mail
Jewellery
 d - a ring of protection from fire (left hand)
 j - a ring of resist corrosion
Scrolls
 i - a scroll of identify
 o - a scroll of holy word {unknown}
 p - a scroll of noise {unknown}


   Skills:
 + Level 0.1 Short Blades
 + Level 0.1 Throwing
 + Level 1.7 Dodging
 + Level 2.1 Stealth
 + Level 3.0 Spellcasting
 + Level 0.7 Transmutations
 + Level 4.7 Earth Magic


You had 3 spell levels left.
You knew the following spells:

 Your Spells              Type           Power      Damage    Failure   Level
a - Sandblast             Erth           48%        2d12      3%          1
b - Passwall              Tmut/Erth      12%        N/A       10%         2
c - Call Canine Familiar  Summ           3%         N/A       52%         3

Your spell library contained the following spells:

 Spells                   Type           Power      Damage    Failure   Level
 Stone Arrow              Conj/Erth      28%        3d8       22%         3
 Gell's Gravitas          Tloc           3%         N/A       52%         3
 Lesser Beckoning         Tloc           3%         N/A       52%         3
 Portal Projectile        Hex/Tloc       6%         N/A       52%         3
 Teleport Other           Tloc           3%         N/A       52%         3
 Petrify                  Tmut/Erth      15%        N/A       54%         4
 Leda's Liquefaction      Hex/Erth       7%         N/A       58%         4


Dungeon Overview and Level Annotations

Branches:
Dungeon (3/15)

Altars:
Xom


Innate Abilities, Weirdness & Mutations

You are immune to sickness and miasma.
Your stone body is resilient. (AC +3)
You are immune to poison.
You resist negative energy. (rN+)
You are resistant to electric shocks. (rElec)
You are resistant to unholy torment.
You are immune to petrification.


Message History

The blast of sand hits the orc but does no damage.
The orc is lightly wounded.
The orc hits you with a +2 war axe of freezing.
The orc freezes you.
Aiming: Sandblast (safe; 3% risk of failure)
Press: ? - help, Q - select action, (/) - cycle Shift-Dir - straight line, f/p - orc
Aim: an orc, wielding a +2 war axe of freezing and wearing a +0 chain mail (lightly wounded, 85% to hit)
The blast of sand hits the orc.
The orc is severely wounded.
The orc hits you with a +2 war axe of freezing.
The orc freezes you.
Aiming: Sandblast (safe; 3% risk of failure)
Press: ? - help, Q - select action, (/) - cycle Shift-Dir - straight line, f/p - orc
Aim: an orc, wielding a +2 war axe of freezing and wearing a +0 chain mail (severely wounded, 85% to hit)
The blast of sand misses the orc.
The orc hits you with a +2 war axe of freezing!
* * * LOW HITPOINT WARNING * * *
The orc freezes you.
* * * LOW HITPOINT WARNING * * *
There is an open door here.
There is a stone staircase leading up here.
You feel better.
The orc hits you with a +2 war axe of freezing.
* * * LOW HITPOINT WARNING * * *
The orc freezes you.
* * * LOW HITPOINT WARNING * * *
Casting: Sandblast (safe; 3% risk of failure)
Confirm with . or Enter, or press ? or * to list all spells.
Okay, then.
It was a potion of brilliance.
You feel clever all of a sudden. The orc misses you.
Aiming: Sandblast (safe; 3% risk of failure)
Press: ? - help, Q - select action, (/) - cycle Shift-Dir - straight line, f/p - orc
Aim: an orc, wielding a +2 war axe of freezing and wearing a +0 chain mail (heavily wounded, 86% to hit)
You feel a surge of power!
The blast of sand hits the orc but does no damage.
The orc is heavily wounded.
The orc hits you with a +2 war axe of freezing!
You die...

#.#.#
#......##..........
#.#.#
#......##..........
#.#.###......###<.....#+
#.#...'......# #.#...##
#...###......# #.#####
###.# #......# #.# #.#
#......###.# #.#
##'#.......# #.#
#.#..@)...# #.#
#.#.†.o...# #.#
#.#.......# . #.#
#.#......># ...
#.####.#######.#.....
#.....................
#......#######........
#......# #####.##.
#......# #


You could see an orc.

Vanquished Creatures
  3 adders (D:2)
  2 dart slugs (D:1)
  3 bats (D:2)
  2 endoplasms (D:1)
  2 goblins (D:1)
  2 hobgoblins (D:2)
  3 kobolds
  2 quokkas
  6 ball pythons
  2 frilled lizards (D:1)
  A rat (D:2)
28 creatures vanquished.

Vanquished Creatures (others)
  4 withered plants (D:3)
4 creatures vanquished.

Grand Total: 32 creatures vanquished

Notes
Turn   | Place    | Note
-------+----------+-------------------------------------------
     0 | D:1      | croobank the Gargoyle Earth Elementalist began the quest
                  | for the Orb.
     0 | D:1      | Reached XP level 1. HP: 10/10 MP: 3/3
   348 | D:1      | Reached skill level 4 in Earth Magic
   348 | D:1      | Reached XP level 2. HP: 15/15 MP: 5/5
   748 | D:2      | Reached XP level 3. HP: 9/19 MP: 3/6
   960 | D:2      | Learned a level 2 spell: Passwall
   964 | D:2      | Learned a level 3 spell: Call Canine Familiar
   987 | D:2      | Found a shimmering altar of Xom.
  1788 | D:3      | Reached XP level 4. HP: 24/24 MP: 6/8
  1946 | D:3      | Slain by an orc

Illustrated notes

Levels and vault maps discovered:
D:1:      dpeg_arrival_fog, layout_basic
D:2:      layout_basic, basic_altar, hex_medium
D:3:      layout_basic, grunt_temple_overflow_open,
          ebering_ecumenical_altar_petrified

Skill      XL: |  1  2  3 |
---------------+----------+-----
Earth Magic    | 4 |  4.7
Spellcasting   | 3 |  3.0
Short Blades   | |  0.1
Throwing       | |  0.1
Dodging        | |  1.7
Stealth        | |  2.1
Transmutations | |  0.7

Action                   |  1- 3 |  4- 6 || total
-------------------------+-------+-------++-------
Melee: Dagger            |    30 |       ||    30
       Unarmed           |     7 |       ||     7
       Short sword       |    28 |       ||    28
Throw: Boomerang         |    17 |     4 ||    21
 Cast: Sandblast         |    19 |     8 ||    27
  Use: Scroll            |     2 |       ||     2
       Potion            |       |     2 ||     2
Armor: Robe              |    22 |       ||    22
Dodge: Dodged            |    49 |     3 ||    52

Table legend: (Time is in decaauts)
 A = Elapsed time spent in this place.
 B = Non-inter-level travel time spent in this place.
 C = Inter-level travel time spent in this place.
 D = Time resting spent in this place.
 E = Time spent auto-exploring this place.
 F = Levels seen in this place.
 G = Mean time per level.
                   A        B        C        D        E       F      G
               +--------+--------+--------+--------+--------+-----+--------+
         Total |   1953 |   1896 |     57 |    167 |   1315 |   3 |  651.0 |
       Dungeon |   1953 |   1896 |     57 |    167 |   1315 |   3 |  651.0 |
               +--------+--------+--------+--------+--------+-----+--------+

Top non-repeatable levels by time:
     D:2: 1057 daAuts
     D:1: 733 daAuts
     D:3: 162 daAuts
